 Dungeon Crawl Stone Soup version 0.20-a0-820-g557356e (webtiles) character file.

1196 Musica the Covert (level 8, 0/55 HPs)
             Began as an Octopode Assassin on Mar 4, 2017.
             Was an Initiate of Ashenzari.
             Succumbed to a killer bee's poison
             ... on level 5 of the Dungeon.
             The game lasted 00:24:08 (4774 turns).

Musica the Covert (Octopode Assassin)               Turns: 4774, Time: 00:24:09

Health: 0/55       AC:  1    Str:  8 (11) XL:     8   Next: 44%
Magic:  8/8        EV: 13    Int:  8 (11) God:    Ashenzari [......]
Gold:   172        SH:  0    Dex: 14 (15) Spells: 7/7 levels left

rFire    . . .     SeeInvis .   a - +2 dagger
rCold    . . .     Gourm    .   (no shield)
rNeg     . . .     Faith    .   (helmet restricted)
rPois    .         Spirit   .   (no amulet)
rElec    +         Reflect  .   (no ring)
rCorr    .         Harm     .   (no ring)
MR       .....                  (no ring)
Stlth    ++++++....             (no ring)
Regen    0.2/turn               (no ring)
MPRegen  0.2/turn               (no ring)
                                (no ring)
                                (no ring)

@: lethally poisoned (0 -> -5)
A: almost no armour, stealthy swim, amphibious, 8 rings, constrict 8, camouflage
1, blink, dopey 1, electricity resistance, gelatinous body 1
a: Blink, Curse Item, Renounce Religion


You were on level 5 of the Dungeon.
You worshipped Ashenzari.
Ashenzari was noncommittal.
You were not hungry.

You visited 1 branch of the dungeon, and saw 5 of its levels.

You collected 172 gold pieces.

Inventory:

Hand Weapons
 a - a +2 dagger (weapon)
 b - a +2 blowgun
 g - a +0 hunting sling of velocity
 i - a +2 hand axe of chopping
Missiles
 c - 15 poisoned needles
 l - 24 sling bullets
 p - 6 tomahawks (quivered)
Jewellery
 t - an uncursed ring of protection from cold
 v - an uncursed ring of fire
Scrolls
 h - 3 scrolls of identify
 k - a scroll of enchant armour {unknown}
 r - a scroll of remove curse
 x - a scroll of fog {unknown}
 y - a scroll of blinking {unknown}
Potions
 m - a potion of lignification
 o - a potion of resistance {unknown}
Comestibles
 f - 4 bread rations
 n - a royal jelly
 q - a meat ration
 u - 3 chunks of flesh


   Skills:
 + Level 5.2 Fighting
 + Level 3.1 Short Blades
 + Level 4.8 Throwing
 - Level 1.0 Dodging
 + Level 10.8 Stealth


You had 7 spell levels left.
You didn't know any spells.

Dungeon Overview and Level Annotations

Branches:
Dungeon (5/15)
 Temple: D:4-7

Altars:
Ashenzari
Kikubaaqudgha
Nemelex Xobeh
Xom


Innate Abilities, Weirdness & Mutations

You cannot wear most types of armour.
You are very stealthy in the water. (Stealth+)
You are amphibious.
You can wear up to eight rings at the same time.
You can use your tentacles to constrict eight enemies at once.
Your skin changes colour to match your surroundings (Stealth+).
Your rubbery body absorbs attacks. (AC +1, EV +1)
You can translocate small distances at will.
You are dopey. (Int -2)
You are resistant to electric shocks. (rElec)


Message History

You are too injured to fight recklessly!
You are too injured to fight recklessly!
You are too injured to fight recklessly!
You hit the killer bee.
The killer bee is lightly wounded.
You constrict the killer bee.
You feel sick. The killer bee stings you!
* * * LOW HITPOINT WARNING * * *
You hit the killer bee. Your squeeze misses the killer bee.
The killer bee is moderately wounded.
You constrict the killer bee.
You feel sick. The killer bee stings you!
* * * LOW HITPOINT WARNING * * *
The killer bee barely misses you.
You barely miss the killer bee.
The killer bee is moderately wounded.
You constrict the killer bee. The killer bee misses you.
It was a potion of degeneration.
There was something very wrong with that liquid.
You feel weakened.
You feel dopey.
You feel clumsy.
You constrict the killer bee.
You die...

## ..... ######.....
#......#.### #...........
#######.####......
#(.#...###)...#
#@...##....##....
######y...##...## l
####...).(.#.##.)####..
###.....######...........$
#......## ####.#####...
.......#### ##..# #
.....## #######...# #
...#. .........## # 5. #
#####..## #


You could see a killer bee.

Vanquished Creatures
  Pikel (D:4)
  A sky beast (D:5)
  2 slaves (D:4)
  2 ogres
  2 killer bees (D:4)
  A crimson imp (D:5)
  2 hounds
  An iguana (D:5)
  Natasha (thrice) (D:2)
  2 worker ants (D:4)
  3 adders
  An adder skeleton (D:4)
  2 worms
  A dart slug (D:2)
  6 leopard geckos
  9 orcs
  4 ball pythons
  6 giant cockroaches
  4 goblins
  7 hobgoblins
  12 jackals
  8 kobolds
  7 bats
  6 frilled lizards
  10 rats
103 creatures vanquished.

Vanquished Creatures (others)
  A howler monkey (D:5)
  A hound (D:5)
  An adder zombie (D:5)
  2 orcs (D:5)
  A ball python (D:5)
6 creatures vanquished.

Grand Total: 109 creatures vanquished

Notes
Turn   | Place    | Note
-------+----------+-------------------------------------------
     0 | D:1      | Musica the Octopode Assassin began the quest for the Orb.
     0 | D:1      | Reached XP level 1. HP: 14/14 MP: 1/1
   185 | D:2      | Reached skill level 6 in Stealth
   185 | D:2      | Reached XP level 2. HP: 19/19 MP: 2/2
   413 | D:1      | Found a sparkling altar of Nemelex Xobeh.
   530 | D:2      | Noticed Natasha
   540 | D:2      | Killed Natasha
   540 | D:2      | Reached XP level 3. HP: 9/24 MP: 3/3
   983 | D:2      | Reached skill level 7 in Stealth
  1098 | D:2      | Reached XP level 4. HP: 29/29 MP: 4/4
  1284 | D:2      | Noticed Natasha
  1294 | D:2      | Killed Natasha
  1333 | D:2      | Noticed Natasha
  1339 | D:2      | Killed Natasha
  1339 | D:2      | Reached XP level 5. HP: 21/35 MP: 5/5
  1513 | D:2      | Reached skill level 8 in Stealth
  1958 | D:3      | Found an ancient bone altar of Kikubaaqudgha.
  1971 | D:3      | Found a faded altar of an unknown god.
  2348 | D:4      | Noticed a slave
  2352 | D:4      | Noticed a slave
  2363 | D:4      | Noticed a slave
  2364 | D:4      | Noticed an ogre
  2397 | D:4      | Noticed a phantom
  2767 | D:4      | Found a shattered altar of Ashenzari.
  2773 | D:4      | Became a worshipper of Ashenzari the Shackled
  2899 | D:5      | Entered Level 5 of the Dungeon
  2899 | D:5      | Identified the ring "Noicab" {Wiz rPois rC- MR- SInv}
  2905 | D:5      | Noticed a phantom
  2905 | D:5      | Found a shimmering altar of Xom.
  2909 | D:5      | Reached XP level 6. HP: 37/42 MP: 6/6
  2910 | D:5      | Noticed an ice beast
  3253 | D:4      | Reached skill level 9 in Stealth
  3858 | D:4      | Noticed Pikel
  3879 | D:4      | Noticed a slave
  3881 | D:4      | Killed a slave
  3919 | D:4      | Killed a slave
  3924 | D:4      | Killed Pikel
  3924 | D:4      | Reached skill level 10 in Stealth
  3924 | D:4      | Reached XP level 7. HP: 20/49 MP: 7/7
  3924 | D:4      | Reached XP level 8. HP: 22/54 MP: 8/8
  4404 | D:5      | Reached skill level 5 in Fighting
  4611 | D:5      | Gained mutation: You are frail. (-10% HP) [mutagenic meat]
  4612 | D:5      | Gained mutation: You are dopey. (Int -2) [mutagenic meat]
  4613 | D:5      | Gained mutation: You can translocate small distances at will. [mutagenic meat]
  4614 | D:5      | Gained mutation: You are resistant to electric shocks. (rElec) [mutagenic meat]
  4615 | D:5      | Lost mutation: You are frail. (-10% HP) [mutagenic meat]
  4772 | D:5      | HP: 1/55 [killer bee (8)]
  4774 | D:5      | Succumbed to a killer bee's poison

Vault maps used:
D:1:      lemuel_arrival_rhombus, grunt_decor_arrowhead,
          nemelex_diamond_rough_becter
D:2:      serial_glass, glass_columns_c, glass_columns_a, glass_columns_c,
          glass_columns_a, hex_large, minmay_strange_pillars,
          kennysheep_generic_room_16, uniq_natasha
D:3:      kiku_gazebo_pond_becter, chequers_ecumenical_altar_simple_redux,
          kennysheep_generic_room_4
D:4:      first_bread, evilmike_ruin_ashenzari, uniq_pikel
D:5:      xom_confusion_cloud, minitemple, grunt_qazlal_clouds,
          chequers_ossuary_entry_cave, serial_shops, shop, portal_sewer_entry_b

Skill      XL: |  1  2  3  4  5  6  7  8 |
---------------+-------------------------+-----
Stealth        | 6 7 8 10 | 10.8
Fighting       | 3 4 5 |  5.2
Throwing       | 4 |  4.8
Short Blades   | 3 |  3.1
Dodging        | |  1.0

Action                   |  1- 3 |  4- 6 |  7- 9 || total
-------------------------+-------+-------+-------++-------
Melee: Dagger            |    31 |    53 |    39 ||   123
       Constrict         |    12 |    36 |     8 ||    56
       Tentacles         |     7 |    30 |     9 ||    46
       Hand axe          |    11 |    75 |       ||    86
 Fire: Blowgun           |     5 |    22 |    19 ||    46
       Hunting sling     |       |    13 |     1 ||    14
Throw: Tomahawk          |       |     9 |     5 ||    14
  Use: Scroll            |     1 |     8 |     1 ||    10
       Potion            |       |     2 |     3 ||     5
 Stab: Sleeping          |     9 |    16 |     1 ||    26
       Distracted        |       |       |     1 ||     1
  Eat: Chunk             |     1 |     5 |     6 ||    12
       Fruit             |       |     1 |       ||     1
       Royal jelly       |       |     1 |     1 ||     2
Armor: Skin              |     1 |    13 |     3 ||    17
Dodge: Dodged            |    23 |    63 |    41 ||   127
